 Dungeon Crawl Stone Soup version 0.31.0-12-g77e489cdc1 (webtiles) character file.

Game seed: 10302750208263047532

308 spaghetti the Shooter (level 6, -5/43 HPs)
             Began as a Formicid Hexslinger on Mar 5, 2024.
             Was an Initiate of Kikubaaqudgha.
             Killed by divine providence
             ... invoked by an orc priest
              (8 damage)
             ... on level 4 of the Dungeon.
             The game lasted 00:04:53 (2409 turns).

spaghetti the Shooter (Formicid Hexslinger)         Turns: 2409, Time: 00:04:54

Health: -5/43      AC:  3    Str: 13    XL:     6   Next: 68%
Magic:  4/8        EV: 12    Int: 12    God:    Kikubaaqudgha [......]
Gold:   169        SH:  0    Dex: 18    Spells: 2/7 levels left

rFire   + + .        a - +2 sling
rCold   . . .        (no shield)
rNeg    . . .        c - +0 robe
rPois   .            (helmet unavailable)
rElec   .            d - +0 cloak
rCorr   .            (no gloves)
SInv    +            (no boots)
Will    .....        (no amulet)
Stlth   ++           k - ring of fire
HPRegen 0.27/turn    (no ring)
MPRegen 0.11/turn

%: no passive effects
@: weak-willed, jinxed
A: permanent stasis, dig shafts and tunnels, antennae 3, four strong arms, cold
resistance 1, fire resistance 1, high MP 1, mutation resistance 1
a: Dig, Shaft Self, Renounce Religion


You were on level 4 of the Dungeon.
You worshipped Kikubaaqudgha.
Kikubaaqudgha was noncommittal.
You visited 1 branch of the dungeon, and saw 4 of its levels.

You collected 195 gold pieces.
You spent 26 gold pieces at shops.

Inventory:

Hand Weapons
 a - a +2 sling (weapon)
Armour
 c - a +0 robe (worn)
 d - a +0 cloak (worn)
 j - a +0 kite shield
Jewellery
 k - a ring of fire (left hand)
Wands
 f - a wand of roots (6)
 m - a wand of mindburst (6)
Scrolls
 b - 2 scrolls of poison
 e - 5 scrolls of teleportation
 g - a scroll of enchant armour
 l - a scroll of immolation
 n - a scroll of identify
Potions
 h - a potion of curing
 i - 2 potions of berserk rage


   Skills:
 - Level 1.3 Fighting
 + Level 6.4 Ranged Weapons
 - Level 1.7 Dodging
 - Level 1.2 Spellcasting
 - Level 3.7 Hexes
 - Level 1.2 Fire Magic


You had 2 spell levels left.
You knew the following spells:

 Your Spells              Type           Power      Damage    Failure   Level
a - Jinxbite              Hex            18%        N/A       10%         2
b - Inner Flame           Hex/Fire       10%        N/A       32%         3

Your spell library contained the following spells:

 Spells                   Type           Power      Damage    Failure   Level
 Ensorcelled Hibernation  Hex/Ice        10%        N/A       21%         2
 Scorch                   Fire           10%        2d5       26%         2
 Sublimation of Blood     Necr           0%         N/A       41%         2
 Sigil of Binding         Hex            9%         N/A       19%         3
 Cause Fear               Hex            4%         N/A       52%         4
 Passwall                 Erth           0%         N/A       65%         3
 Dimensional Bullseye     Hex/Tloc       2%         N/A       80%         4
 Flame Wave               Conj/Fire      3%         2d5       93%         4
 Petrify                  Alch/Erth      0%         N/A       96%         4
 Irradiate                Conj/Alch      0%         3d11      100%        5
 Summon Cactus Giant      Summ           0%         N/A       100%        6
 Swiftness                Air            Unusable   N/A       N/A         3

Dungeon Overview and Level Annotations

Branches:
Dungeon (4/15)
 Temple: D:4-7

Altars:
Kikubaaqudgha

Shops:
D:2 ?


Innate Abilities, Weirdness & Mutations

You cannot be hasted, slowed, berserked, paralysed or teleported.
You can dig through walls and to a lower floor.
You have a pair of large antennae on your head. (SInv)
Your four strong arms can wield two-handed weapons with a shield.
Your flesh is cold resistant. (rC+)
Your flesh is heat resistant. (rF+)
You have an increased reservoir of magic. (+10% MP)
You are somewhat resistant to further mutation.


Message History

An orc comes into view. It is wielding a +0 flail.
The orc priest invokes the aid of Beogh against you.
Beogh smites you!
Fire: a) +2 sling
Press: ? - help, Q - select action, (/) - cycle Shift-Dir - straight line, f/p - kobold
Aim: a kobold, wielding a +0 whip (chance to call a sprite on attack: 61%, 58% to hit)
You shoot a sling bullet. The sling bullet hits the kobold.
You kill the kobold!
Kikubaaqudgha accepts your kill.
An orc comes into view. It is wielding a +0 trident.
Fire: a) +2 sling
Press: ? - help, Q - select action, (/) - cycle Shift-Dir - straight line, f - orc priest
Aim: an orc priest, wielding a +0 flail and wearing a +0 leather armour (chance to call a sprite on attack: 43%, 64% to hit)
You shoot a sling bullet.
The sling bullet closely misses the orc priest.
The orc shouts!
Unknown command.
Unknown command.
Fire: a) +2 sling
Press: ? - help, Q - select action, (/) - cycle Shift-Dir - straight line, f/p - orc priest
Aim: an orc priest, wielding a +0 flail and wearing a +0 leather armour (chance to call a sprite on attack: 43%, 64% to hit)
You shoot a sling bullet. The sling bullet hits the orc priest.
The orc priest is moderately wounded.
Unknown command.
Unknown command.
Fire: a) +2 sling
Press: ? - help, Q - select action, (/) - cycle Shift-Dir - straight line, f/p - orc priest
Aim: an orc priest, wielding a +0 flail and wearing a +0 leather armour (moderately wounded, chance to call a sprite on attack: 43%, 64% to hit)
You shoot a sling bullet.
The sling bullet completely misses the orc priest.
The sling bullet hits the orc.
You kill the orc!
Kikubaaqudgha accepts your kill.
The orc priest invokes the aid of Beogh against you.
Pain shoots through your body!
* * * LOW HITPOINT WARNING * * *
The orc priest invokes the aid of Beogh against you.
Beogh smites you!
You die...
Kikubaaqudgha rasps: "You have failed me!
Welcome... death!"

' #.........#
#.........#
#.....)...#
######.....o...#
#..............#
#..........).o.#
##..............#
#...........@...#
#...............#
###.#.....##........#
....$...†..#'#######
###.####)##.#...##
.................#
#####...###.#....#
....)..># #.#....#
########....#....#


You could see an orc priest and an orc.

Vanquished Creatures
  A phantom (D:3)
  A scorpion (D:2)
  A hound (D:4)
  An iguana (D:4)
  Ijyb (D:4)
  2 adders
  3 dart slugs
  3 orcs (D:4)
  7 ball pythons
  6 bats
  5 endoplasms
  5 giant cockroaches
  6 goblins
  8 hobgoblins
  5 kobolds
  2 quokkas (D:1)
  3 frilled lizards
  6 rats
66 creatures vanquished.

Notes
Turn   | Place    | Note
-------+----------+-------------------------------------------
     0 | D:1      | spaghetti the Formicid Hexslinger began the quest for the
                  | Orb.
     0 | D:1      | Reached XP level 1. HP: 15/15 MP: 2/2
   130 | D:1      | Reached XP level 2. HP: 17/21 MP: 3/3
   232 | D:1      | Reached skill level 3 in Ranged Weapons
   432 | D:1      | Reached XP level 3. HP: 21/26 MP: 4/4
   627 | D:2      | Noticed a scorpion
   635 | D:2      | Killed a scorpion
   636 | D:2      | Reached skill level 4 in Ranged Weapons
   636 | D:2      | Reached XP level 4. HP: 20/32 MP: 5/5
   712 | D:2      | Learned a level 2 spell: Jinxbite
   746 | D:2      | Reached XP level 5. HP: 37/37 MP: 3/6
   868 | D:2      | Found Nump's Magic Scroll Shoppe.
   876 | D:2      | Bought a scroll of identify for 26 gold pieces
   985 | D:2      | Learned a level 3 spell: Inner Flame
  1403 | D:3      | Reached skill level 5 in Ranged Weapons
  1756 | D:3      | Found an ancient bone altar of Kikubaaqudgha.
  1768 | D:3      | Became a worshipper of Kikubaaqudgha
  1943 | D:3      | Noticed a phantom
  1959 | D:3      | Killed a phantom
  1960 | D:3      | Reached XP level 6. HP: 18/43 MP: 3/7
  2211 | D:3      | Gained mutation: Your mind is acute. (Int +4, Str/Dex -1)
                  | [potion of mutation]
  2211 | D:3      | Gained mutation: You occasionally lose the ability to read
                  | scrolls when taking damage. [potion of mutation]
  2212 | D:3      | Lost mutation: Your mind is acute. (Int +4, Str/Dex -1)
                  | [potion of mutation]
  2212 | D:3      | Lost mutation: You occasionally lose the ability to read
                  | scrolls when taking damage. [potion of mutation]
  2212 | D:3      | Gained mutation: Your muscles are strong. (Str +4, Int/Dex
                  | -1) [potion of mutation]
  2212 | D:3      | Gained mutation: You are somewhat resistant to further
                  | mutation. [potion of mutation]
  2213 | D:3      | Lost mutation: Your muscles are strong. (Str +4, Int/Dex
                  | -1) [potion of mutation]
  2213 | D:3      | Lost mutation: You are somewhat resistant to further
                  | mutation. [potion of mutation]
  2213 | D:3      | Gained mutation: Armour fits poorly on your strangely
                  | shaped body. [potion of mutation]
  2213 | D:3      | Gained mutation: Your spells are a little harder to cast,
                  | but a little more powerful. [potion of mutation]
  2282 | D:4      | Reached skill level 6 in Ranged Weapons
  2309 | D:4      | Noticed Ijyb
  2328 | D:4      | Killed Ijyb
  2398 | D:4      | Lost mutation: Your spells are a little harder to cast, but
                  | a little more powerful. [potion of mutation]
  2398 | D:4      | Lost mutation: Armour fits poorly on your strangely shaped
                  | body. [potion of mutation]
  2398 | D:4      | Gained mutation: Your flesh is heat resistant. (rF+)
                  | [potion of mutation]
  2398 | D:4      | Gained mutation: You have an increased reservoir of magic.
                  | (+10% MP) [potion of mutation]
  2398 | D:4      | Gained mutation: Your flesh is cold resistant. (rC+)
                  | [potion of mutation]
  2398 | D:4      | Gained mutation: You are somewhat resistant to further
                  | mutation. [potion of mutation]
  2409 | D:4      | Killed from afar by an orc priest

Illustrated notes

Levels and vault maps discovered:
D:1:      minmay_arrival_solitary_statue, layout_rooms, serial_corexii_hall,
          chequers_hall_statues_wall_a, corexii_hall_statues_i,
          corexii_hall_statues_x, minmay_misc_feat_columns,
          wad_floor_pattern_untrapped
D:2:      layout_rooms, serial_shops, nicolae_shop_advertising_works
          [nicolae_subvault_shop_adworks]
D:3:      cheibrodos_greedy_goblins, layout_basic,
          nicolae_kikubaaqudgha_miasma_corner, kennysheep_decorative_pillar
D:4:      layout_basic, mainiacjoe_overflow_small_starburst, uniq_natasha,
          uniq_blork_the_orc, uniq_ijyb

Skill      XL: |  1  2  3  4  5  6 |
---------------+-------------------+-----
Ranged Weapons | 3 4 5 6 |  6.4
Fighting       | |  1.3
Dodging        | |  1.7
Spellcasting   | |  1.2
Hexes          | |  3.7
Fire Magic     | |  1.2

Action                     |  1- 3 |  4- 6 || total
---------------------------+-------+-------++-------
   Fire: Sling             |    59 |   119 ||   178
   Cast: Jinxbite          |       |    17 ||    17
Ability: Dig               |       |     2 ||     2
         Shaft Self        |       |     1 ||     1
    Use: Scroll            |       |     9 ||     9
         Potion            |       |     6 ||     6
 Armour: Robe              |     7 |    30 ||    37
  Dodge: Dodged            |     5 |    28 ||    33
